 Dungeon Crawl Stone Soup version 0.23.1 (webtiles) character file.

Game seed: 0

1078 MisterOstroum the Sneak (level 8, -5/39 HPs)
             Began as a Spriggan Enchanter on Mar 11, 2019.
             Was an Initiate of Dithmenos.
             Splashed by a jelly's acid (8 damage)
             ... on level 8 of the Dungeon on Mar 13, 2019.
             The game lasted 01:09:23 (6588 turns).

MisterOstroum the Sneak (Spriggan Enchanter)        Turns: 6588, Time: 01:09:23

Health: -5/39      AC:  6    Str:  5    XL:     8   Next: 8%
Magic:  16/16      EV: 18    Int: 16    God:    Dithmenos [......]
Gold:   310        SH:  8    Dex: 18    Spells: 2/17 levels left

rFire    x . .     SeeInvis +   a - +1 dagger
rCold    + . .     Gourm    .   r - +0 buckler
rNeg     . . .     Faith    .   b - +1 robe
rPois    .         Spirit   .   (helmet restricted)
rElec    .         Reflect  +   (no cloak)
rCorr    .         Harm     .   (gloves unavailable)
MR       +....                  (boots unavailable)
Stlth    ++++......             e - +3 amulet of reflection
HPRegen  0.13/turn              i - +3 ring of protection
MPRegen  0.15/turn              k - ring of ice

@: very quick
A: very small, unfitting armour, see invisible, herbivore, speed 3, slow
metabolism 2
a: Renounce Religion


You were on level 8 of the Dungeon.
You worshipped Dithmenos.
Dithmenos was noncommittal.
You were not hungry.

You visited 2 branches of the dungeon, and saw 10 of its levels.
You also visited: Sewer.

You collected 310 gold pieces.

Inventory:

Hand Weapons
 a - a +1 dagger (weapon)
 f - a +0 hunting sling
 n - a +0 hunting sling
 s - a +1 flail of protection
 C - a +0 hand axe of flaming
 H - a +0 short sword of venom
 K - a +0 blowgun
 P - the +5 war axe of the Undead {drain, Int+3, unknown}
   (You found it on level 7 of the Dungeon)

   A truly terrible weapon, it drains the life of those it strikes.
   It affects your intelligence (+3).
Missiles
 c - 243 stones (quivered)
 g - 23 bolts
 h - 53 sling bullets
 B - a throwing net
 I - 40 poisoned needles
Armour
 b - a +1 robe (worn)
 r - a +0 buckler (worn)
Jewellery
 e - a +3 amulet of reflection (around neck)
 i - a +3 ring of protection (left hand)
 k - a ring of ice (right hand)
 A - an uncursed ring of stealth
 G - a +2 amulet of reflection
 L - an uncursed ring of see invisible {unknown}
 M - an uncursed amulet of magic regeneration {unknown}
Wands
 t - a wand of iceblast (6)
Scrolls
 l - a scroll of blinking {unknown}
 m - 8 scrolls of teleportation
 p - 3 scrolls of magic mapping
 y - 4 scrolls of identify
 z - 2 scrolls of immolation {unknown}
 D - a scroll of amnesia {unknown}
 E - 2 scrolls of fog
 J - 2 scrolls of fear {unknown}
 Q - a scroll of remove curse {unknown}
Potions
 j - 3 potions of flight
 o - 4 potions of heal wounds {unknown}
 q - 4 potions of might
 u - a potion of cancellation {unknown}
 v - 4 potions of lignification
 w - a potion of curing
 x - 2 potions of haste {unknown}
 F - a potion of degeneration {unknown}
 N - a potion of agility {unknown}
 O - a potion of ambrosia {unknown}
 R - 2 potions of berserk rage {unknown}
Comestibles
 d - 5 rations


   Skills:
 - Level 2.3 Fighting
 - Level 6.1 Short Blades
 - Level 3.4 Dodging
 + Level 7.1 Stealth
 - Level 5.1 Spellcasting
 - Level 6.1 Hexes
 - Level 1.0 Ice Magic


You had 2 spell levels left.
You knew the following spells:

 Your Spells              Type           Power        Failure   Level  Hunger
a - Corona                Hex            ###....      1%          1    None
b - Ensorcelled Hibernat  Hex/Ice        ###...       9%          2    #......
c - Stone Arrow           Conj/Erth      #.....       58%         3    ###....
d - Tukima's Dance        Hex            ###.....     6%          3    ###....
e - Confuse               Hex            ###.....     6%          3    ###....
f - Dazzling Spray        Conj/Hex       ##....       22%         3    ###....

Your spell library contained the following spells:

 Spells                   Type           Power        Failure   Level  Hunger
 Confusing Touch          Hex            ###...       1%          1    None
 Animate Skeleton         Necr           N/A          26%         1    None
 Apportation              Tloc           #.....       26%         1    None
 Summon Small Mammal      Summ           #...         26%         1    None
 Corpse Rot               Necr           N/A          36%         2    #......
 Leda's Liquefaction      Hex/Erth       ##........   56%         4    ####...
 Summon Forest            Summ/Tloc      #.........   100%        5    ######.
 Hydra Form               Tmut           #.........   100%        6    #######
 Summon Hydra             Summ           #.........   100%        7    #######


Dungeon Overview and Level Annotations

Branches:
Dungeon (9/15)             Temple (1/1) D:6
   Lair: D:8-11         Orc: D:9-12

Altars:
Ashenzari
Cheibriados
Dithmenos
Elyvilon
Gozag
Makhleb
Nemelex Xobeh
Okawaru
Qazlal
Ru
Sif Muna
Trog
Uskayaw
Vehumet
Wu Jian
Xom
Yredelemnul
Zin
The Shining One

Annotations:
D:7 GHOST!


Innate Abilities, Weirdness & Mutations

You are very small and have problems with some larger weapons.
You are too small for most types of armour.
You have supernaturally acute eyesight. (SInv)
You are a herbivore.
You cover ground extremely quickly.
You need to consume almost no food.


Message History

* * * LOW HITPOINT WARNING * * *
You block the centaur zombie's attack. You block the centaur zombie's attack.
The jelly closely misses you. You block the centaur zombie's attack.
The jelly barely misses you. You block the centaur zombie's attack.
You block the jelly's attack.
The centaur zombie hits you but does no damage.
The centaur zombie hits you.
* * * LOW HITPOINT WARNING * * *
The jelly hits you but does no damage. You block the centaur zombie's attack.
You block the jelly's attack. The centaur zombie barely misses you.
You block the jelly's attack. You block the centaur zombie's attack.
The centaur zombie barely misses you. You block the jelly's attack.
The centaur zombie closely misses you. The jelly closely misses you.
The centaur zombie closely misses you. You block the jelly's attack.
You block the centaur zombie's attack. The jelly hits you.
* * * LOW HITPOINT WARNING * * *
You are splashed with acid!
You die...

#. .###### ......# ..
.....#####.. .
##....#...... . . #
#............ .#Z #.
#..#........ #..
#.##..#@#.# #.# #.....Z.J#
#.## #.#..##.## . #.##
####.##.#..# ... #...
.........#.# #.# #.##
####.##.##รท# #.# #...
...........######.# #.##
###..##.#.#.......#### #.##
.......<#.#.###......###...


You could see a jelly and a centaur zombie.

Vanquished Creatures
  A black bear (D:6)
  4 big kobolds (Sewer)
  A scorpion (D:8)
  A howler monkey (D:4)
  A crimson imp (D:6)
  4 hounds
  An iguana (D:8)
  Ijyb (D:3)
  4 worker ants
  Natasha (twice) (D:2)
  Terence (D:3)
  2 gnolls (D:8)
  4 river rats
  7 adders
  5 oozes
  An adder zombie (D:6)
  3 worms
  4 dart slugs
  2 leopard geckos
  6 orcs
  7 giant cockroaches
  8 goblins
  8 hobgoblins
  A jackal (D:4)
  14 kobolds
  3 quokkas
  5 ball pythons
  4 bats
  7 frilled lizards
  A quokka skeleton (D:4)
  9 rats
122 creatures vanquished.

Vanquished Creatures (collateral kills)
  A gnoll (D:8)
  An orc (D:3)
2 creatures vanquished.

Vanquished Creatures (others)
  A dancing weapon (D:8)
1 creature vanquished.

Grand Total: 125 creatures vanquished

Notes
Turn   | Place    | Note
-------+----------+-------------------------------------------
     0 | D:1      | MisterOstroum the Spriggan Enchanter began the quest for
                  | the Orb.
     0 | D:1      | Reached XP level 1. HP: 9/9 MP: 5/5
   288 | D:1      | Reached XP level 2. HP: 10/13 MP: 3/6
   538 | D:1      | Learned a level 2 spell: Ensorcelled Hibernation
   778 | D:1      | Reached XP level 3. HP: 12/16 MP: 8/8
  1264 | D:2      | Found a faded altar of an unknown god.
  1488 | D:2      | Learned a level 3 spell: Stone Arrow
  1721 | D:2      | Reached XP level 4. HP: 20/21 MP: 6/10
  1820 | D:2      | Noticed Natasha
  1829 | D:2      | Killed Natasha
  1881 | D:2      | Noticed Natasha
  1891 | D:2      | Killed Natasha
  2122 | D:3      | Learned a level 3 spell: Tukima's Dance
  2172 | D:3      | Noticed Terence
  2236 | D:3      | Found a glowing golden altar of the Shining One.
  2247 | D:3      | Noticed Ijyb
  2254 | D:3      | Killed Ijyb
  2254 | D:3      | Reached XP level 5. HP: 25/25 MP: 11/11
  2346 | D:3      | Reached skill level 1 in Fighting
  2518 | D:3      | Killed Terence
  3078 | D:4      | Reached XP level 6. HP: 30/30 MP: 0/13
  3295 | D:4      | Reached skill level 5 in Hexes
  3605 | D:4      | Found a glowing drain.
  3637 | Sewer    | Entered a sewer
  4272 | Sewer    | Reached skill level 5 in Short Blades
  4599 | Sewer    | Reached XP level 7. HP: 35/35 MP: 8/15
  4714 | Sewer    | Reached skill level 5 in Spellcasting
  4831 | D:5      | Entered Level 5 of the Dungeon
  4887 | D:5      | Noticed a hungry ghost
  5133 | D:4      | Learned a level 3 spell: Confuse
  5137 | D:4      | Learned a level 3 spell: Dazzling Spray
  5224 | D:6      | Found a staircase to the Ecumenical Temple.
  5231 | Temple   | Entered the Ecumenical Temple
  5284 | Temple   | Became a worshipper of Dithmenos the Shadowed
  5521 | D:6      | Reached skill level 5 in Stealth
  5713 | D:6      | Reached skill level 1 in Ice Magic
  5902 | D:7      | Got a crude war axe
  5925 | D:7      | Noticed a hungry ghost
  6016 | D:8      | Noticed a green ugly thing
  6193 | D:8      | Reached skill level 6 in Stealth
  6305 | D:7      | Noticed a gargoyle
  6438 | D:8      | Reached XP level 8. HP: 39/39 MP: 16/16
  6471 | D:8      | Reached skill level 7 in Stealth
  6588 | D:8      | Splashed by a jelly's acid

Skill      XL: |  1  2  3  4  5  6  7  8 |
---------------+-------------------------+-----
Spellcasting   | 3 4 5 |  5.1
Short Blades   | 2 3 4 5 6 |  6.1
Hexes          | 4 5 6 |  6.1
Fighting       | 1 2 |  2.3
Stealth        | 6 7 |  7.1
Ice Magic      | 1 |  1.0
Dodging        | |  3.4

Action                   |  1- 3 |  4- 6 |  7- 9 || total
-------------------------+-------+-------+-------++-------
Melee: Dagger            |   123 |   228 |   112 ||   463
Throw: Stone             |    43 |    32 |     4 ||    79
       Throwing net      |       |     1 |       ||     1
 Cast: Corona            |     9 |    14 |     8 ||    31
       Ensorcelled Hiber |    18 |    48 |    23 ||    89
       Tukima's Dance    |       |     2 |     4 ||     6
       Stone Arrow       |       |     1 |       ||     1
       Confuse           |       |       |     2 ||     2
Evoke: Wand              |       |     2 |       ||     2
  Use: Scroll            |     3 |     1 |     3 ||     7
       Potion            |       |     4 |     1 ||     5
 Stab: Sleeping          |    21 |    29 |    20 ||    70
       Held in net/web   |       |       |     1 ||     1
  Eat: Ration            |       |     3 |     3 ||     6
Armor: Robe              |     8 |    15 |    22 ||    45
       Skin              |       |    17 |       ||    17
Dodge: Dodged            |    71 |   117 |    82 ||   270
Block: Buckler           |       |     2 |    58 ||    60
       Other             |       |     9 |       ||     9
       Reflection        |       |     1 |     2 ||     3
